 Dungeon Crawl Stone Soup version 0.31.0-32-g396128a36d (webtiles) character file.

Game seed: 14591034958983078292

410698 AdnanSaban the Hoplite (level 23, -3/153 HPs)
             Began as a Gargoyle Fighter on Apr 13, 2024.
             Was a High Priest of Okawaru.
             Slain by a cyan very ugly thing (9 damage)
             ... on level 5 of the Vaults.
             The game lasted 02:20:10 (58422 turns).

AdnanSaban the Hoplite (Gargoyle Fighter)          Turns: 58422, Time: 02:20:12

Health: -3/153     AC: 53    Str: 29    XL:     23   Next: 50%
Magic:  34/39      EV: 11    Int: 11    God:    Okawaru [*****.]
Gold:   5564       SH: 30    Dex:  7    Spells: 22/22 levels left

rFire   + . .        Z - +8 demon whip of Onudd {freeze, ^Fragile +Blink MP+9}
rCold   + + +        M - +2 tower shield {rC+}
rNeg    + . .        H - +3 plate armour {rPois}
rPois   ∞            W - +0 helmet {SInv}
rElec   +            v - +1 cloak {Will+}
rCorr   +            A - +3 pair of gauntlets of War {Slay+5}
SInv    +            D - +1 pair of boots
Will    +++..        t - amulet of reflection Stlth
                     P - ring of Lofruwk {Wiz rC+++ Will+ rCorr Dex-2}
HPRegen 0.45/turn    I - ring of protection from fire
MPRegen 0.26/turn

%: random rage (3%), reflection, wizardry (x1)
@: heroic, finesse-ful, on berserk cooldown, flying, slowed, studying Ranged
Weapons, very slow
A: sickness immunity, AC +17, big wings, negative energy resistance 1,
electricity resistance, torment resistance 1, petrification resistance, berserk
1, subdued magic 1
}: 2/15 runes: barnacled, gossamer
a: Renounce Religion, Evoke Blink, Heroism, Finesse, Duel


You were on level 5 of the Vaults.
You worshipped Okawaru.
Okawaru was extremely pleased with you.
You visited 8 branches of the dungeon, and saw 39 of its levels.
You also visited: Ossuary and Ice Cave.

You collected 5564 gold pieces.

Inventory:

Hand Weapons
 Z - the +8 demon whip of Onudd (weapon) {freeze, ^Fragile +Blink MP+9}
   (Okawaru gifted it to you on level 1 of the Lair of Beasts)

   MP+9:      It affects your magic capacity (+9).
   +Blink:    It lets you blink.
   ^Fragile:  It will be destroyed if unequipped.
Missiles
 c - 3 throwing nets
 j - 52 boomerangs (quivered)
 k - 3 curare-tipped darts
 z - 8 datura-tipped darts
 L - 31 poisoned darts
 N - 6 darts of dispersal
 O - 26 javelins
 Q - 17 silver javelins
 T - 17 atropa-tipped darts
Armour
 v - a +1 cloak of willpower (worn)
 A - the +3 pair of gauntlets of War (worn) {Slay+5}
   (You found it on level 3 of the Elven Halls)

   Slay+5:    It affects your accuracy & damage with ranged weapons and melee
   (+5).
 D - a +1 pair of boots (worn)
 H - a +3 plate armour of poison resistance (worn)
 M - a +2 tower shield of cold resistance (worn)
 W - a +0 helmet of see invisible (worn)
Jewellery
 b - a ring of fire
 o - a ring of fire
 t - an amulet of reflection (around neck)
 E - a ring of positive energy
 F - a ring of willpower
 I - a ring of protection from fire (right hand)
 P - the ring of Lofruwk (left hand) {Wiz rC+++ Will+ rCorr Dex-2}
   (You found it in an ice cave)

   [ring of wizardry]

   Wiz:       It improves your spell success rate.
   Dex-2:     It affects your dexterity (-2).
   rC+++:     It renders you almost immune to cold.
   Will+:     It increases your willpower.
   rCorr:     It protects you from acid and corrosion.
Wands
 G - a wand of digging (2)
 X - a wand of light (13)
Scrolls
 e - 16 scrolls of identify
 f - 6 scrolls of enchant armour
 i - 10 scrolls of fog
 l - 20 scrolls of teleportation
 m - 6 scrolls of poison
 n - 2 scrolls of vulnerability
 q - 3 scrolls of enchant weapon
 B - 8 scrolls of fear
 C - 6 scrolls of revelation
 K - 9 scrolls of blinking
 R - a scroll of silence
Potions
 a - 6 potions of ambrosia
 d - 8 potions of might
 g - 8 potions of lignification
 h - 11 potions of haste {unknown}
 p - 9 potions of attraction {unknown}
 r - 21 potions of curing
 s - 9 potions of heal wounds {unknown}
 u - 8 potions of mutation {unknown}
 w - 2 potions of resistance
 x - 11 potions of enlightenment {unknown}
 y - 2 potions of berserk rage
 S - 4 potions of cancellation
Miscellaneous
 U - a lightning rod (4/4)
 Y - a phial of floods


   Skills:
 + Level 18.9(23.9) Fighting
 * Level 20.5(25.5) Maces & Flails
 + Level 7.7(12.7) Throwing
 + Level 16.2(21.2) Armour
 + Level 4.5(9.5) Dodging
 + Level 3.2(8.2) Stealth
 + Level 24.1(27) Shields
 + Level 9.5 Invocations
 + Level 8.5 Evocations


You had 22 spell levels left.
You didn't know any spells.
Your spell library contained the following spells:

 Spells                   Type           Power      Damage    Failure   Level
 Apportation              Tloc           0%         N/A       43%         1
 Foxfire                  Conj/Fire      0%         2x1d4     43%         1
 Freeze                   Ice            0%         1d3       43%         1
 Kiss of Death            Conj/Necr      0%         2d5       43%         1
 Magic Dart               Conj           0%         1d3       43%         1
 Necrotise                Necr           0%         1d4       43%         1
 Sandblast                Erth           0%         2d4       43%         1
 Sting                    Conj/Alch      0%         1d3       43%         1
 Ensorcelled Hibernation  Hex/Ice        0%         N/A       58%         2
 Jinxbite                 Hex            0%         N/A       58%         2
 Lesser Beckoning         Tloc           0%         N/A       58%         2
 Mercury Vapours          Alch/Air       0%         N/A       58%         2
 Momentum Strike          Conj/Tloc      0%         3d8       58%         2
 Scorch                   Fire           0%         2d5       58%         2
 Searing Ray              Conj           0%         2d4       58%         2
 Confusing Touch          Hex            0%         N/A       80%         3
 Dazzling Flash           Conj/Hex       0%         N/A       80%         3
 Frozen Ramparts          Ice            0%         1d1       80%         3
 Fugue of the Fallen      Necr           0%         N/A       80%         3
 Gell's Gravitas          Tloc           0%         N/A       80%         3
 Hailstorm                Conj/Ice       0%         3d5       80%         3
 Inner Flame              Hex/Fire       0%         N/A       80%         3
 Mephitic Cloud           Conj/Alch/Air  0%         N/A       80%         3
 Ozocubu's Armour         Ice            0%         N/A       80%         3
 Passwall                 Erth           0%         N/A       80%         3
 Stone Arrow              Conj/Erth      0%         3d7       80%         3
 Teleport Other           Tloc           0%         N/A       80%         3
 Vampiric Draining        Necr           0%         2d6       80%         3
 Volatile Blastmotes      Fire/Tloc      0%         2d10      80%         3
 Anguish                  Hex/Necr       0%         N/A       99%         4
 Brom's Barrelling Bould  Conj/Erth      0%         2d3       99%         4
 Dispel Undead            Necr           0%         3d6       99%         4
 Flame Wave               Conj/Fire      0%         2d4       99%         4
 Fulminant Prism          Conj/Alch      0%         3d5       99%         4
 Ignite Poison            Fire/Alch      0%         N/A       99%         4
 Iskenderun's Mystic Bla  Conj/Tloc      0%         2d3       99%         4
 Leda's Liquefaction      Alch/Erth      0%         N/A       99%         4
 Manifold Assault         Tloc           0%         N/A       99%         4
 Olgreb's Toxic Radiance  Alch           0%         N/A       99%         4
 Passage of Golubria      Tloc           0%         N/A       99%         4
 Sticky Flame             Fire/Alch      0%         2d4       99%         4
 Vhi's Electric Charge    Tloc/Air       0%         N/A       99%         4
 Alistair's Intoxication  Alch           0%         N/A       100%        5
 Borgnjor's Vile Clutch   Necr/Erth      0%         N/A       100%        5
 Curse of Agony           Necr           0%         N/A       100%        5
 Freezing Cloud           Conj/Ice/Air   0%         6-21      100%        5
 Irradiate                Conj/Alch      0%         3d11      100%        5
 Iskenderun's Battlesphe  Conj           0%         2d6       100%        5
 Lee's Rapid Deconstruct  Erth           0%         3d4*      100%        5
 Silence                  Hex/Air        0%         N/A       100%        5
 Bombard                  Conj/Erth      0%         9d1       100%        6
 Conjure Ball Lightning   Conj/Air       0%         3x3d6     100%        6
 Eringya's Noxious Bog    Alch           0%         4d6       100%        6
 Discord                  Hex            0%         N/A       100%        8
 Disjunction              Tloc           0%         N/A       100%        8
 Ignition                 Fire           0%         3d3       100%        8
 Chain Lightning          Conj/Air       0%         N/A       100%        9
 Fire Storm               Conj/Fire      0%         5d1       100%        9
 Shatter                  Erth           0%         3d5*      100%        9
 Summon Small Mammal      Summ           Unusable   N/A       N/A         1
 Cigotuvi's Dreadful Rot  Necr/Alch/Air  Unusable   N/A       N/A         2
 Summon Ice Beast         Ice/Summ       Unusable   N/A       N/A         3
 Martyr's Knell           Necr/Summ      Unusable   N/A       N/A         4
 Sculpt Simulacrum        Ice/Alch       Unusable   N/A       N/A         6
 Summon Cactus Giant      Summ           Unusable   N/A       N/A         6
 Spellforged Servitor     Conj/Summ      Unusable   N/A       N/A         7
 Infestation              Necr           Unusable   N/A       N/A         8

Dungeon Overview and Level Annotations

Branches:
Dungeon (15/15)            Temple (1/1) D:7            Lair (5/5) D:11
 Shoals (4/4) Lair:2       Spider (4/4) Lair:3        Slime (0/5) Lair:5
    Orc (2/2) D:9             Elf (3/3) Orc:2        Vaults (5/5) D:13
  Crypt (0/3) Vaults:2     Depths (0/4) D:15        Ossuary (visited)
  IceCv (visited)

Altars:
Ashenzari
Cheibriados
Dithmenos
Elyvilon
Fedhas
Gozag
Hepliaklqana
Kikubaaqudgha
Makhleb
Nemelex Xobeh
Okawaru
Qazlal
Ru
Sif Muna
Trog
Uskayaw
Vehumet
Wu Jian
Xom
Yredelemnul
Zin
The Shining One
Jiyva

Shops:
D:2 [   D:7 :   D:8 !*(=:   Orc:2 [[!*   Elf:3 !   Shoals:2 *   Vaults:3 (
Vaults:4 *[!

Portals:
Trove: Vaults:2 (give +7 demon blade)

Annotations:
D:8 4 transporters
Elf:2 3 runed translucent doors


Innate Abilities, Weirdness & Mutations

You are immune to sickness and miasma.
Your stone body is resilient. (AC +17)
You are immune to poison.
Your large and strong wings let you fly.
You resist negative energy. (rN+)
You are resistant to electric shocks. (rElec)
You are resistant to unholy torment.
You are immune to petrification.
You sometimes lose your temper in combat.
Your spells are a little easier to cast, but a little less powerful.


Message History

You hit the ancient lich but do no damage.
The ancient lich splashes around in the water.
The cyan very ugly thing kicks you but does no damage.
You whack the ancient lich! You freeze the ancient lich.
The ancient lich is lightly damaged.
The ironbound convoker's soul is no longer bound.
You block the vault guard's attack. x2
The ironbound convoker casts a spell at the vault guard.
The vault guard seems to grow stronger.
You block the vault warden's attack. The vault guard barely misses you.
You block the ironbound preserver's attack.
The vault guard hits you with a +0 great mace!
* * * LOW HITPOINT WARNING * * *
The vault guard hits you but does no damage.
You thrash the ancient lich!! You freeze the ancient lich.
The ancient lich is moderately damaged.
You are no longer berserk.
You are exhausted.
You feel yourself slow down.
The ancient lich touches you but does no damage.
You can now deal lightning-fast blows.
The water nymph changes into a glass eye!
The vault guard's soul is no longer bound. x2
The hell knight's soul is no longer bound.
You block the ancient lich's attack.
The cyan very ugly thing kicks you but does no damage.
You block the vault guard's attack.
The vault guard hits you but does no damage.
You block the vault guard's attack. You block the vault warden's attack.
The ironbound preserver mumbles some strange words.
The ironbound preserver is healed somewhat.
The vault guard hits you but does no damage.
The phantasmal warrior gestures at you.
The phantasmal warrior blinks!
The tengu reaver is empowered by the deep elf high priest's aura!
The vault guard closely misses you. The vault guard barely misses you.
The ancient lich touches you!
* * * LOW HITPOINT WARNING * * *
The cyan very ugly thing kicks you!
You die...

...# #....# ..
...##....#....
Z..#....#....
..Z.......e
#####Z.Z....Q###
.....ZCpppp.....
....ZppHpppp....
.....Zpupppp...$
.....CGp@ppppW..
###.#ppLppZG.###
#.#.ZpppppZ....
#.#.#eppZ#....
#.#.#..§..# ...
#.#.#.#....# ..
.#.# ##....# .
.# #....#


You could see an ironbound preserver (soul bound, empowered), an ancient lich
(fast, invisible), a cyan very ugly thing (soul bound), a sphinx (soul bound,
empowered, sheltered), a stone giant (soul bound), 2 vault wardens, a tengu
reaver (empowered, repels missiles), 18 vault guards, an ettin (soul bound), 6
hell knights, a glowing orange brain shaped shifter, a vault sentinel (soul
bound, empowered, sheltered), a glass eye shaped shifter, 2 deep elf high
priests, a phantasmal warrior (strong, sheltered), an ironbound convoker
(empowered), 2 necromancers, a deep elf annihilator simulacrum, a hell knight
simulacrum, 4 vault guard simulacra, a vault warden simulacrum (sheltered), a
deep elf high priest zombie, a fire giant zombie, a glowing shapeshifter zombie
and a vault guard skeleton.

Vanquished Creatures
  Bai Suzhen (Elf:2)
  Saint Roka (Elf:1)
  Nikola (Spider:3)
  Norris (Vaults:1)
  Mlioglotl (Shoals:1)
  Jorgrun (D:12)
  A tentacled monstrosity (Vaults:3)
  Rupert (Lair:4)
  2 deep elf master archers
  2 deep elf blademasters (Elf:3)
  Asterion (Elf:3)
  2 sphinxes
  A shadow dragon (Vaults:2)
  An ancient champion (Vaults:2)
  A tengu reaver (D:14)
  Gastronok (Lair:2)
  Donald (Elf:1)
  Agnes (Spider:3)
  A fire giant (Vaults:3)
  5 emperor scorpions
  2 ghost moths (Spider:3)
  9 vault wardens
  6 deep elf sorcerers
  Louise (Spider:2)
  8 deep elf elementalists
  17 ironbound preservers
  3 formless jellyfish
  A stone giant (Vaults:4)
  3 broodmothers
  9 ironbound thunderhulks
  Nessos (D:13)
  4 deep elf demonologists
  8 deep elf death magi
  6 spark wasps
  6 deep elf annihilators
  9 dire elephants
  Snorg (Orc:1)
  5 merfolk impalers (Shoals:4)
  An ettin (D:15)
  2 crystal guardians
  4 merfolk javelineers
  2 fire dragons (D:14)
  A deep elf high priest (Elf:2)
  8 yaktaur captains
  2 spectral krakens (Shoals:2)
  6 entropy weavers
  3 great orbs of eyes
  An ice dragon (Lair:5)
  8 hydras
  Fannar (D:10)
  23 vault guards
  5 merfolk avatars
  2 peacekeepers (Vaults:3)
  4 alligator snapping turtles
  8 merfolk aquamancers
  A death knight (Vaults:2)
  An ogre mage (D:15)
  3 ghost crabs
  4 catoblepae
  5 satyrs
  10 ironbound frosthearts
  A jorogumo (shapeshifter) (Vaults:4)
  8 two-headed ogres
  3 radroaches
  6 boulder beetles
  9 centaur warriors
  22 dancing weapons
  A two-headed ogre (shapeshifter) (D:14)
  19 death yaks
  2 tengu warriors
  5 demonic crawlers
  An occultist (D:14)
  A vampire mage (Vaults:2)
  7 orc high priests
  A hell knight (Vaults:5)
  5 skeletal warriors (D:15)
  7 skysharks
  2 pharaoh ants
  12 deep elf knights
  4 spectral merfolk (Shoals:2)
  45 deep trolls
  3 sun moths
  8 orb spiders
  A swamp dragon (Lair:5)
  9 sea snakes
  2 glowing orange brains
  6 arcanists
  24 deep elf zephyrmancers
  Pikel (D:8)
  8 harpies
  13 ironbound convokers
  6 lindwurms
  7 steelbarb worms
  7 deep elf archers
  14 orc knights
  A necromancer (D:15)
  26 deep elf pyromancers
  20 ugly things
  3 orc sorcerers
  An oklob plant (D:11)
  15 wolf spiders
  10 fauns
  A salamander (shapeshifter) (Elf:2)
  17 manticores
  13 merfolk sirens
  4 moths of wrath
  7 cyclopes
  2 kobold blastminers (Orc:1)
  2 meliai (Spider:4)
  6 black mambas
  19 vault sentinels
  18 elephants
  29 slime creatures
  A black mamba (shapeshifter) (Elf:3)
  6 water nymphs
  An ice statue (IceCv)
  4 gargoyles
  8 torpor snails
  A cane toad (shapeshifter) (D:14)
  10 cane toads
  2 spectral sea snakes (Shoals:2)
  An unseen horror (D:10)
  13 yaktaurs
  6 rime drakes
  14 komodo dragons
  A tengu conjurer (D:15)
  2 efreet (D:15)
  A kobold demonologist (D:10)
  A freezing wraith (D:14)
  5 trolls
  A queen bee (Lair:2)
  21 tarantellas
  11 polar bears
  A spectral harpy (Shoals:2)
  2 wind drakes
  24 merfolk
  2 hornets
  2 dream sheep (Lair:5)
  23 blink frogs
  8 snapping turtles
  A glass eye (shapeshifter) (D:14)
  A jumping spider (shapeshifter) (D:14)
  26 culicivoras
  85 yaks
  19 jumping spiders
  9 wyverns
  16 humans
  9 basilisks
  An air elemental (Elf:1)
  2 wraiths
  13 water elementals
  A fire elemental (Elf:2)
  5 wargs
  Eustachio (D:5)
  56 redbacks
  2 steam dragons
  9 vampire mosquitoes
  18 water moccasins
  6 acid dragons
  A meliai simulacrum (D:14)
  2 ice beasts
  4 black bears
  48 orc warriors
  A sky beast (D:8)
  A centaur (shapeshifter) (D:14)
  6 centaurs
  6 boggarts
  15 ogres
  32 wolves
  A phantom (D:5)
  Blork the orc (D:4)
  A kobold brigand (D:10)
  A weeping skull (Ossuary)
  21 bullfrogs
  A gnoll sergeant (D:2)
  2 two-headed ogre simulacra (D:11)
  4 scorpions
  2 necrophages (D:5)
  An earth elemental (Elf:3)
  16 wights
  A water moccasin zombie (D:5)
  39 killer bees
  9 howler monkeys
  3 electric eels
  2 bombardier beetles
  A bullfrog zombie (D:5)
  3 hounds
  A human zombie (D:5)
  2 jellies
  31 orc priests
  A gnoll bouda (D:3)
  5 iguanas
  A sleepcap (D:5)
  A scorpion zombie (D:5)
  22 orc wizards
  11 hell rats
  3 spriggan simulacra (D:11)
  3 crocodile zombies (Ossuary)
  5 mummies
  6 river rats (Lair:5)
  11 adders
  19 gnolls
  2 shadow imps (D:6)
  4 white imps
  3 adder zombies (Ossuary)
  A ribbon worm (D:3)
  A dart slug (D:4)
  109 orcs
  5 ball pythons
  9 bats
  5 endoplasms
  4 giant cockroaches
  9 goblins
  9 hobgoblins
  A jackal (D:3)
  3 quokkas
  4 frilled lizards
  12 gnoll zombies (Ossuary)
  5 jackal zombies (Ossuary)
  7 kobolds
  3 orc zombies (Ossuary)
  11 rats
  A butterfly (Lair:1)
  2 tentacles (Shoals:2)
1704 creatures vanquished.

Vanquished Creatures (others)
  A deep elf knight (Elf:3)
  A deep elf zephyrmancer (Elf:3)
  A manticore (Shoals:3)
  A water nymph (Shoals:2)
  An air elemental (Elf:3)
  A jumping spider (Spider:2)
  A centaur simulacrum (D:15)
  2 boggarts
  28 tentacles (Shoals:2)
37 creatures vanquished.

Grand Total: 1741 creatures vanquished

Notes
Turn   | Place    | Note
-------+----------+-------------------------------------------
     0 | D:1      | AdnanSaban the Gargoyle Fighter began the quest for the
                  | Orb.
     0 | D:1      | Reached XP level 1. HP: 14/14 MP: 1/1
    57 | D:1      | Reached XP level 2. HP: 18/19 MP: 2/2
   704 | D:2      | Found a burning altar of Makhleb.
   786 | D:2      | Reached XP level 3. HP: 24/24 MP: 3/3
   873 | D:2      | Reached XP level 4. HP: 29/29 MP: 4/4
   874 | D:2      | Found Jysiniddu's Armour Boutique.
  1065 | D:2      | Noticed a gnoll sergeant
  1066 | D:2      | Found the +5 woodcutter's axe
  1143 | D:3      | Reached XP level 5. HP: 24/33 MP: 5/5
  1274 | D:3      | Found a faded altar of an unknown god.
  2203 | D:2      | Reached XP level 6. HP: 38/38 MP: 6/6
  2279 | D:2      | Reached skill level 1 in Dodging
  2426 | D:4      | Noticed a black bear
  2434 | D:4      | Killed a black bear
  2435 | D:4      | Reached skill level 5 in Maces & Flails
  2556 | D:4      | You fall into a shaft and drop 1 floor!
  2556 | D:5      | Entered Level 5 of the Dungeon
  2587 | D:5      | Reached XP level 7. HP: 36/43 MP: 5/7
  2843 | D:4      | Noticed Blork the orc
  2857 | D:4      | Killed Blork the orc
  2858 | D:4      | Reached skill level 5 in Armour
  2858 | D:4      | Reached skill level 4 in Shields
  2887 | D:4      | Found a sand-covered staircase.
  2892 | Ossuary  | Entered an ossuary
  3044 | Ossuary  | Reached skill level 5 in Fighting
  3096 | Ossuary  | Reached XP level 8. HP: 27/49 MP: 4/8
  4157 | D:5      | Reached skill level 5 in Shields
  4247 | D:5      | Found a basalt altar of Yredelemnul.
  4314 | D:5      | Reached XP level 9. HP: 55/55 MP: 9/9
  4496 | D:5      | Noticed Eustachio
  4515 | D:5      | Killed Eustachio
  5264 | D:6      | Noticed a hornet
  5276 | D:6      | Killed a hornet
  6449 | D:7      | Reached XP level 10. HP: 56/63 MP: 8/10
  6484 | D:7      | Found a staircase to the Ecumenical Temple.
  6490 | Temple   | Entered the Ecumenical Temple
  6509 | Temple   | Became a worshipper of Warmaster Okawaru
  6567 | D:7      | Found an ancient bone altar of Kikubaaqudgha.
  6766 | D:7      | Found Kahupt's Book Emporium.
  6914 | D:8      | Found Eghacral's Assorted Antiques.
  6933 | D:8      | Identified the serpent talisman of the Aged Forging Runes
                  | {*Slow Str+3 Dex+3}
  7026 | D:8      | Found Ercher's Distillery.
  7069 | D:8      | Found Sietop's Jewellery Boutique.
  7095 | D:8      | Reached skill level 6 in Shields
  7167 | D:8      | Found Qorysmij's Weapon Emporium.
  7216 | D:8      | Found a transporter.
  7242 | D:8      | Found a transporter.
  7316 | D:8      | Reached * piety under Okawaru
  7317 | D:8      | Reached skill level 10 in Maces & Flails
  7536 | D:8      | Found a transporter.
  7553 | D:8      | Found a transporter.
  7600 | D:8      | Noticed a two-headed ogre
  7601 | D:8      | Reached skill level 1 in Stealth
  7874 | D:8      | Found Xaot's Book Shop.
  7937 | D:8      | Killed a two-headed ogre
  7937 | D:8      | Reached ** piety under Okawaru
  7938 | D:8      | Reached skill level 1 in Throwing
  8445 | D:9      | Noticed Pikel
  8508 | D:8      | Killed Pikel
  8590 | D:9      | Reached skill level 7 in Shields
  8683 | D:9      | Reached XP level 11. HP: 67/68 MP: 9/11
  8747 | D:9      | Reached *** piety under Okawaru
  9418 | D:9      | Found a staircase to the Orcish Mines.
  9735 | D:10     | Entered Level 10 of the Dungeon
  9817 | D:10     | Noticed a cyclops
  9830 | D:10     | Killed a cyclops
  9981 | D:10     | Noticed a two-headed ogre
  9991 | D:10     | Killed a two-headed ogre
 10058 | D:10     | Noticed Fannar
 10124 | D:10     | Reached **** piety under Okawaru
 10800 | D:11     | Noticed a two-headed ogre
 10845 | D:11     | HP: 2/69 [two-headed ogre/+0 giant club (9)]
 10846 | D:11     | Killed a two-headed ogre
 11177 | D:11     | Found a frozen archway.
 11209 | IceCv    | Entered an ice cave
 11444 | IceCv    | Reached ***** piety under Okawaru
 11445 | IceCv    | Reached skill level 1 in Invocations
 11559 | IceCv    | Noticed a death yak
 11559 | IceCv    | Noticed a death yak
 11559 | IceCv    | Noticed a death yak
 11605 | IceCv    | Killed a death yak
 11622 | IceCv    | Killed a death yak
 11623 | IceCv    | Reached XP level 12. HP: 25/76 MP: 3/13
 11637 | IceCv    | Killed a death yak
 11638 | IceCv    | Reached skill level 8 in Shields
 12049 | IceCv    | Received a gift from Okawaru
 12326 | IceCv    | Reached skill level 10 in Armour
 12326 | IceCv    | Reached skill level 9 in Shields
 12678 | IceCv    | Noticed a death yak
 12678 | IceCv    | Noticed an ironbound frostheart
 12679 | IceCv    | Noticed a death yak
 12740 | IceCv    | Killed an ironbound frostheart
 12740 | IceCv    | Received a gift from Okawaru
 12947 | IceCv    | Noticed a death yak
 13016 | IceCv    | Killed a death yak
 13041 | IceCv    | Killed a death yak
 13042 | IceCv    | Reached skill level 10 in Shields
 13067 | IceCv    | Killed a death yak
 13241 | IceCv    | Noticed an ironbound frostheart
 13525 | IceCv    | Killed an ironbound frostheart
 13526 | IceCv    | Reached skill level 5 in Invocations
 13677 | IceCv    | Identified the ring of Lofruwk {Wiz rC+++ Will+ rCorr
                  | Dex-2}
 13954 | D:11     | Noticed a boulder beetle
 13969 | D:11     | Killed a boulder beetle
 13969 | D:11     | Received a gift from Okawaru
 13970 | D:11     | Reached skill level 10 in Fighting
 13970 | D:11     | Reached XP level 13. HP: 74/82 MP: 13/16
 14363 | D:11     | Found a staircase to the Lair.
 14750 | D:10     | Killed Fannar
 15533 | D:12     | Found a white marble altar of Elyvilon.
 16191 | D:12     | Received a gift from Okawaru
 16691 | D:12     | Got the Tome of Disjunct Despair
 16874 | D:13     | Identified the +9 dagger of Embarrassment {venom, +Blink
                  | rF+}
 16923 | D:12     | Reached skill level 11 in Shields
 17416 | Lair:1   | Entered Level 1 of the Lair of Beasts
 17457 | Lair:1   | Received a gift from Okawaru
 18047 | Lair:1   | Found a snail-covered altar of Cheibriados.
 18132 | D:11     | Reached skill level 12 in Shields
 18379 | Lair:1   | Identified the ring "Hiugaud" {Ice rElec rCorr}
 18542 | Lair:1   | Identified the +1 whip of Demonkind {drain, Int+5}
 18621 | Lair:1   | Gained mutation: Your large and strong wings let you fly.
                  | [Gargoyle growth]
 18621 | Lair:1   | Reached XP level 14. HP: 74/90 MP: 16/18
 19543 | Lair:1   | Reached ****** piety under Okawaru
 19544 | Lair:1   | Reached skill level 13 in Shields
 19611 | Lair:2   | Received a gift from Okawaru
 19708 | Lair:2   | Noticed Gastronok
 19741 | Lair:2   | Killed Gastronok
 20214 | Lair:2   | Received a gift from Okawaru
 20222 | Lair:2   | Acquired the +8 demon whip of Onudd {freeze, ^Fragile
                  | +Blink MP+9}
 20222 | Lair:2   | Received a gift from Okawaru
 20441 | Lair:2   | Reached skill level 14 in Shields
 20885 | Lair:2   | Found a staircase to the Shoals.
 21304 | Lair:3   | Found a hole to the Spider Nest.
 21369 | Lair:3   | Reached skill level 1 in Evocations
 22147 | Lair:4   | Received a gift from Okawaru
 22291 | Lair:4   | Noticed Rupert
 22300 | Lair:4   | Paralysed by Rupert for 3 turns
 22323 | Lair:4   | Killed Rupert
 22324 | Lair:4   | Reached skill level 15 in Shields
 22324 | Lair:4   | Reached XP level 15. HP: 39/96 MP: 9/19
 22707 | Lair:4   | Reached skill level 15 in Maces & Flails
 23200 | Lair:5   | Entered Level 5 of the Lair of Beasts
 23559 | Lair:5   | Received a gift from Okawaru
 24241 | Lair:5   | Found a viscous altar of Jiyva.
 24241 | Lair:5   | Found a staircase to the Slime Pits.
 24319 | Lair:5   | Received a gift from Okawaru
 24364 | Lair:5   | Reached skill level 16 in Shields
 24981 | Lair:5   | Received a gift from Okawaru
 25290 | Lair:5   | Reached skill level 5 in Evocations
 25668 | Spider:1 | Entered Level 1 of the Spider Nest
 25715 | Spider:1 | Reached XP level 16. HP: 30/103 MP: 9/20
 26752 | Spider:1 | Received a gift from Okawaru
 28667 | Spider:2 | Reached skill level 17 in Shields
 28828 | Spider:2 | Received a gift from Okawaru
 29860 | Spider:3 | Noticed Agnes
 30297 | Spider:3 | Noticed Nikola
 30304 | Spider:3 | Received a gift from Okawaru
 30347 | Spider:3 | Killed Nikola
 30995 | Spider:3 | Noticed Louise
 31020 | Spider:2 | Killed Louise
 31167 | Spider:3 | Killed Agnes
 31281 | Spider:4 | Entered Level 4 of the Spider Nest
 31319 | Spider:3 | Reached XP level 17. HP: 70/110 MP: 19/22
 32096 | Spider:4 | Reached skill level 18 in Shields
 32413 | Spider:4 | Received a gift from Okawaru
 32548 | Spider:4 | Acquired the +1 pair of gloves of Verdant Amelioration {Fly
                  | rF+ Will++ Str-3}
 32548 | Spider:4 | Received a gift from Okawaru
 33160 | Spider:4 | Received a gift from Okawaru
 33328 | Spider:4 | Got a gossamer rune of Zot
 33826 | Shoals:1 | Entered Level 1 of the Shoals
 34114 | Shoals:1 | Noticed Mlioglotl
 34140 | Shoals:1 | Killed Mlioglotl
 35403 | Shoals:2 | Received a gift from Okawaru
 35989 | Shoals:2 | Found Zuite's General Store.
 36316 | Shoals:3 | Reached XP level 18. HP: 116/116 MP: 24/24
 36953 | Shoals:2 | Reached skill level 5 in Throwing
 37134 | Shoals:2 | Received a gift from Okawaru
 37408 | Shoals:3 | Reached skill level 19 in Shields
 37938 | Shoals:4 | Entered Level 4 of the Shoals
 39318 | Shoals:4 | Received a gift from Okawaru
 39679 | Shoals:4 | Got a barnacled rune of Zot
 40119 | Orc:1    | Entered Level 1 of the Orcish Mines
 40579 | Orc:2    | Entered Level 2 of the Orcish Mines
 40579 | Orc:2    | Found a staircase to the Elven Halls.
 40700 | Orc:2    | Reached skill level 15 in Fighting
 40961 | Orc:2    | Received a gift from Okawaru
 40982 | Orc:2    | Noticed Snorg
 41045 | Orc:1    | Killed Snorg
 41383 | Orc:1    | Reached skill level 20 in Shields
 41565 | Orc:2    | Reached XP level 19. HP: 118/124 MP: 26/26
 41714 | Orc:2    | Found Opteukix's Antique Armour Shoppe.
 41717 | Orc:2    | Found Zeal's Distillery.
 41718 | Orc:2    | Found Ymakhupi's General Store.
 41719 | Orc:2    | Found Welastoc's Armour Emporium.
 41961 | Elf:1    | Entered Level 1 of the Elven Halls
 42041 | Elf:1    | Received a gift from Okawaru
 42485 | Elf:1    | Noticed Donald
 42514 | Elf:1    | Killed Donald
 42768 | Elf:1    | Paralysed by an air elemental for 1 turns
 42841 | Elf:1    | Received a gift from Okawaru
 43633 | Elf:1    | Got the Papyrus of Force
 43835 | Elf:2    | Noticed Saint Roka
 43978 | Elf:1    | Killed Saint Roka
 44393 | Elf:2    | Found a runed translucent gate.
 44419 | Elf:2    | Found a runed translucent gate.
 44419 | Elf:2    | Found a runed translucent gate.
 44899 | Elf:3    | Entered Level 3 of the Elven Halls
 44960 | Elf:3    | Received a gift from Okawaru
 45390 | Elf:3    | Noticed a Brimstone Fiend
 45586 | Elf:3    | Noticed a Hell Sentinel
 45590 | Elf:3    | Noticed an Ice Fiend
 45806 | Elf:3    | Gained mutation: Your spells are a little easier to cast,
                  | but a little less powerful. [a neqoxec]
 45809 | Elf:3    | Gained mutation: You sometimes lose your temper in combat.
                  | [a neqoxec]
 45874 | Elf:3    | Found Hosuph Pekak's Distillery.
 46106 | Elf:3    | Noticed Asterion
 46131 | Elf:3    | Killed Asterion
 46315 | Elf:3    | Noticed Bai Suzhen
 46358 | Elf:3    | Reached skill level 21 in Shields
 46447 | Elf:2    | Killed Bai Suzhen
 46447 | Elf:2    | Received a gift from Okawaru
 46678 | Elf:3    | Noticed a Hell Sentinel
 46684 | Elf:3    | Noticed a Brimstone Fiend
 46766 | Elf:3    | Noticed a Hell Sentinel
 46879 | Elf:3    | Reached XP level 20. HP: 132/132 MP: 27/27
 47793 | Elf:2    | Received a gift from Okawaru
 48398 | Elf:3    | Reached skill level 15 in Armour
 48399 | Elf:3    | Noticed a Tzitzimitl
 48736 | Elf:3    | Identified the +5 mace "Undertaker" {antimagic, rF- rC+
                  | Dex+3}
 48736 | Elf:3    | Identified the ring of Keno {Fly Str-2 Dex+6}
 48745 | Elf:3    | Identified the +7 falchion of Honour {protect, rCorr Int+5
                  | Dex+2 SInv}
 48927 | Elf:3    | Found the -2 hat of the Alchemist {rElec rPois rF+ rC+ rN+
                  | Will+ rMut rCorr}
 48930 | Elf:3    | Found the +3 pair of gauntlets of War {Slay+5}
 49521 | D:13     | Noticed Jorgrun
 49521 | D:13     | Found a gate to the Vaults.
 49530 | D:13     | Noticed Nessos
 49534 | D:12     | Killed Jorgrun
 49536 | D:12     | Received a gift from Okawaru
 49588 | D:13     | Killed Nessos
 50336 | D:14     | Identified the +10 short sword of Ash {speed, Dex+3}
 50339 | D:14     | Identified the staff of Offence {rC+ MP+9 Str+5 Dex-3 Ice}
 50407 | D:14     | Reached skill level 22 in Shields
 50590 | D:14     | Received a gift from Okawaru
 51105 | D:15     | Entered Level 15 of the Dungeon
 51441 | D:15     | Found a staircase to the Depths.
 51920 | D:14     | Reached XP level 21. HP: 140/140 MP: 28/28
 51962 | Vaults:1 | Entered Level 1 of the Vaults
 52195 | Vaults:1 | Reached XP level 22. HP: 145/145 MP: 29/29
 52225 | Vaults:1 | Noticed Norris
 52240 | Vaults:1 | Killed Norris
 52240 | Vaults:1 | Received a gift from Okawaru
 52662 | Vaults:1 | Identified the +0 plate armour "Ziuc" {rCorr Int+2}
 52994 | Vaults:1 | You are sucked into a shaft and drop 1 floor!
 53013 | Vaults:2 | Received a gift from Okawaru
 53069 | Vaults:2 | Found a portal to a secret trove of treasure.
 54305 | Vaults:2 | Reached skill level 23 in Shields
 54379 | Vaults:2 | Received a gift from Okawaru
 54653 | Vaults:2 | Found a staircase to the Crypt.
 55765 | Vaults:3 | Received a gift from Okawaru
 55847 | Vaults:3 | Found Vieveim's Weapon Emporium.
 56328 | Vaults:3 | Found the +5 demon whip "Spellbinder" {antimagic, disrupt,
                  | Will+}
 56512 | Vaults:3 | Reached XP level 23. HP: 153/153 MP: 30/30
 57069 | Vaults:4 | Received a gift from Okawaru
 57148 | Vaults:4 | Found Wikk's Distillery.
 57208 | Vaults:4 | Found Vovof's Armour Shop.
 57494 | Vaults:4 | Found Ponge's General Store.
 57989 | Vaults:4 | Identified the +2 helmet "Vasuoss" {Harm +Blink Str-2
                  | Stlth+}
 58007 | Vaults:4 | Reached skill level 24 in Shields
 58068 | Vaults:4 | Received a gift from Okawaru
 58367 | Vaults:5 | Entered Level 5 of the Vaults
 58368 | Vaults:5 | Noticed an ancient lich
 58422 | Vaults:5 | HP: 6/153 [ancient lich (10)]
 58422 | Vaults:5 | Slain by a cyan very ugly thing

Illustrated notes

Levels and vault maps discovered:
D:1:      heliophobic_arrival_ceremonial_halls, layout_basic,
          corexii_corridor_pit
D:2:      layout_rooms, basic_altar, serial_shops, nicolae_shop_crystal,
          pf_guarded_unrand_woodcutter
D:3:      wad_river_or_something, layout_basic, shapermc_ecumenical_altar_gd
D:4:      layout_gridville, enter_ossuary_5, minmay_close_crescents,
          uniq_blork_the_orc
D:5:      layout_basic, lemuel_mausoleum_altar_yredelemnul,
          kennysheep_cross_bottleneck, uniq_eustachio
D:6:      layout_basic, serial_library_hellmonk_metal_room
D:7:      layout_cave_pools, nicolae_kikubaaqudgha_miasma_corner,
          minmay_temple_entry_waves, serial_shops, shop, lightli_corner_chamber
D:8:      minmay_four_partial_circles, layout_cave_pools, serial_shops, shop,
          nicolae_shop_real_fake_doors, nicolae_shop_statue_plus,
          nicolae_shop_bloodbath_and_beyond, shop, nicolae_transporter_circle
D:9:      layout_roguey, david_orc_4, serial_corexii_hall,
          corexii_hall_statues_t, corexii_hall_statues_i, uniq_pikel
D:10:     layout_loops_ring, minmay_sticks_and_stones, uniq_fannar
D:11:     layout_basic, dpeg_oklobed_lair, portal_ice_cave_entry_ice_simulacra
D:12:     layout_loops_corners, special_room [special_room_orc], minivault_22,
          nicolae_concentric_dashed_squares_mild, minivault_10, elyvilon_altar_5
D:13:     layout_roguey, david_vaults_3, uniq_jorgrun
D:14:     minmay_the_grid_net [minmay_the_grid_eight, minmay_the_grid_paths,
          minmay_the_grid_large_cup, minmay_the_grid_dragon_a,
          minmay_the_grid_minigrid_small, minmay_the_grid_prize_four_corners],
          layout_loops_cross, minmay_misc_feat_pillars
D:15:     hangedman_depths_entry_civil_slaughter, layout_cave_pools,
          minmay_misc_feat_plants
Temple:   nicolae_temple_slightly_damp_pantheon
Lair:1:   layout_layer_cave, basic_altar, grunt_megastairs_5,
          lemuel_fruit_fields, infiniplex_staircase_pool_2, serial_bayou_shore_b
Lair:2:   regret_index_combs_of_tragedy, layout_cave_shapes,
          minmay_shoals_entry_lonely_mermaid, uniq_gastronok
Lair:3:   layout_chaotic_city, nicolae_spider_entry_tight_spaces,
          grunt_megastairs_4
Lair:4:   layout_loops_ring, serial_bayou_shore_b, serial_bayou_shore_a,
          uniq_rupert
Lair:5:   hangedman_lair_in_review, layout_cave_pods, guppyfry_lair_end_dragon,
          dpeg_slime_entry_enclosed, kennysheep_abandoned_house,
          lemuel_fruit_fields
Shoals:1: layout_shoals, uniq_mlioglotl
Shoals:2: layout_shoals, serial_shops, shop, nicolae_shoals_spectral_cove,
          nicolae_shoals_former_cling_halls
Shoals:3: layout_shoals, nicolae_splish_splash
Shoals:4: shoals_end_simple, layout_shoals
Spider:1: layout_chambers, nicolae_spider_bzzzt
Spider:2: layout_chambers, hangedman_spider_tarantella_strand
Spider:3: layout_spider_delve, uniq_louise, uniq_nikola, uniq_agnes
Spider:4: grunt_spider_rune_island, nicolae_spider_not_touching_you
Orc:1:    layout_caves, serial_shops
Orc:2:    st_orc_pillars, layout_diamond_mine, nicolae_orc_minecarts, uniq_snorg
Elf:1:    eino_elf_arrival_the_gate, layout_loops_cross, minmay_elf_sorcery,
          guppyfry_library_mini, uniq_donald
Elf:2:    elven_hall_of_blades_hangedman_original [nicolae_blade_tridents],
          layout_geoelf_grid, st_stairs_9, uniq_saint_roka
Elf:3:    elf_hall, layout_geoelf_octagon, serial_shops, shop,
          dreamdust_deal_with_the_devil, uniq_bai_suzhen, uniq_asterion
Vaults:1: v_misc_19, nicolae_vaults_triangles, nicolae_vaults_meeting,
          nicolae_vaults_doubleplus_tesselated, ontoclasm_vaults_pinch,
          layout_vaults_chaotic_city, uniq_norris
Vaults:2: vaults_room_pool, ontoclasm_vaults_claustrophobia,
          minmay_crypt_entry_simple_walls, v_alt_pattern_1,
          vaults_mumra_minichess_inversion, nicolae_vaults_six-pack,
          nicolae_vaults_back_hallway, v_rooms_3, nicolae_vaults_heist,
          v_alt_pattern_3, v_misc_5, nicolae_vaults_murder_corner,
          vaults_dpeg_encased_lava, layout_vaults_ring,
          nicolae_trove_entry_free_sample
Vaults:3: portal_desolation_entry_garden, v_alt_pattern_6,
          vaults_room_large_hall, nicolae_vaults_shelves_hall,
          nicolae_vaults_more_shelving_1,
          nicolae_vaults_taking_the_gang_shopping,
          nicolae_vaults_bisected_exclaves, v_misc_12,
          nicolae_vaults_storage_room_glass, vaults_mumra_chevron,
          ontoclasm_vaults_ring_small, nicolae_vaults_trapezoid_lopsided_2,
          hangedman_vaults_trim, nicolae_vaults_diamond_2, v_misc_8,
          nicolae_vaults_variable_pillar_hall, vaults_room_guarded_vault,
          layout_vaults_omnicross
Vaults:4: nicolae_vaults_alarming, nicolae_vaults_meiosis,
          hangedman_vaults_impose, nicolae_vaults_sightless_eye,
          ontoclasm_vaults_idyll, v_pattern_2, grunt_vaults_swirl,
          vaults_standard_mumra_enter_the_diamond, ontoclasm_vaults_fault,
          vaults_dpeg_doors, ontoclasm_vaults_decontamination,
          nicolae_vaults_trapezoid_4, layout_vaults_omnibox, serial_shops,
          nicolae_shop_hallway_stairs, nicolae_shop_mannequins, shop
Vaults:5

Skill      XL: |  1  2  3  4  5  6  7  8  9 10 11 12 13 14 15 16 17 18 19 20 21 22 23 |
---------------+----------------------------------------------------------------------+-----
Maces & Flails | 3 4 5 6 7 9 11 12 13 14 15 16 17 18 19 20 | 20.5
Armour         | 4 5 7 8 9 10 11 12 13 14 15 16 | 16.2
Fighting       | 4 5 6 7 8 9 10 11 12 13 14 15 16 17 18 | 18.9
Dodging        | 1 2 3 4 |  4.5
Shields        | 4 5 7 10 12 15 16 17 18 20 21 22 23 24 | 24.1
Stealth        | 1 2 3 |  3.2
Throwing       | 1 2 3 4 5 7 |  7.7
Invocations    | 2 5 6 7 9 |  9.5
Evocations     | 2 5 6 8 |  8.5

Action                     |  1- 3 |  4- 6 |  7- 9 | 10-12 | 13-15 | 16-18 | 19-21 | 22-24 || total
---------------------------+-------+-------+-------+-------+-------+-------+-------+-------++-------
  Melee: Flail             |   101 |   175 |   656 |  1059 |  1191 |       |       |       ||  3182
         Demon whip        |       |       |       |       |   911 |  2259 |  1347 |  1045 ||  5562
  Throw: Throwing net      |       |     1 |     1 |       |       |     1 |       |       ||     3
         Dart              |       |       |     6 |    43 |    30 |    57 |       |     4 ||   140
         Boomerang         |       |       |       |       |       |   138 |   189 |     2 ||   329
 Invoke: Heroism           |       |       |       |     9 |     5 |    11 |     5 |     4 ||    34
         Finesse           |       |       |       |       |     2 |     2 |       |     1 ||     5
         Receive Weapon    |       |       |       |       |     1 |       |       |       ||     1
         Receive Armour    |       |       |       |       |       |     1 |       |       ||     1
Ability: Evoke Blink       |       |       |       |       |       |     1 |       |       ||     1
    Use: Scroll            |       |       |       |       |    13 |       |     9 |     4 ||    26
         Potion            |       |       |       |       |       |     5 |     2 |       ||     7
   Stab: Held in net/web   |       |       |     1 |       |       |     2 |       |       ||     3
         Petrified         |       |       |       |       |     1 |       |     2 |       ||     3
 Armour: Scale mail        |    45 |       |       |       |       |       |       |       ||    45
         Chain mail        |    46 |   151 |   483 |    92 |       |       |       |       ||   772
         Plate armour      |       |       |       |   535 |  1103 |  1288 |   576 |   377 ||  3879
  Dodge: Dodged            |    46 |    76 |   263 |   431 |   344 |   347 |   119 |    91 ||  1717
         Repelled          |       |       |       |     5 |     5 |    13 |    15 |       ||    38
  Block: Buckler           |    22 |    41 |   143 |   154 |       |       |       |       ||   360
         Tower shield      |       |       |       |   362 |  2015 |  2314 |  1040 |   876 ||  6607
         Reflection        |       |       |       |       |       |       |    36 |    45 ||    81
